| TOP OF THE 1ST |
|
Montreal Expos batting - Pitching for St. Louis Cardinals : LHP Steve Carlton
|
|
Pitching: LHP Steve Carlton
|
|
|
Batting: LHB Duane Walker
|
0-0: Foul Ball, location: 2F 0-1: Bunted foul 0-2: Ball 1-2: Ball 2-2: Ball 3-2: Ground out 4-3 (Groundball, 4, EV 88.1 MPH)
|
|
Batting: SHB Garry Templeton
|
0-0: Ball 1-0: Ball 2-0: Called Strike 2-1: Ball 3-1: Called Strike 3-2: SINGLE (Flyball, 4D, EV 96.9 MPH)
|
|
Batting: LHB Kirk Gibson
|
0-0: Ball Wild Pitch! Garry Templeton to second 1-0: Ball 2-0: SINGLE (Groundball, 25, EV 73.8 MPH) (infield hit) Garry Templeton to third
|
|
Batting: RHB Dale Murphy
|
0-0: Ball Kirk Gibson steals 2nd base 1-0: Ball 2-0: Ball 3-0: Foul Ball, location: 2F 3-1: Called Strike 3-2: Foul Ball, location: 2F 3-2: Strikes out looking
|
|
Batting: RHB Dave Winfield
|
0-0: Called Strike 0-1: Ball 1-1: Ball 2-1: Fly out, F9 (Flyball, 89D, EV 99.4 MPH)
|
| Top of the 1st over - 0 runs, 2 hits, 0 errors, 2 left on base; Montreal 0 - St. Louis 0 |
| BOTTOM OF THE 1ST |
|
St. Louis Cardinals batting - Pitching for Montreal Expos : LHP Mark W Davis
|
|
Pitching: LHP Mark W Davis
|
|
|
Batting: SHB Otis Nixon
|
0-0: Called Strike 0-1: Fly out, F4 (Line Drive, 4, EV 66.9 MPH)
|
|
Batting: SHB Billy E Smith
|
0-0: Swinging Strike 0-1: Ball 1-1: Called Strike 1-2: Ball 2-2: SINGLE (Flyball, 8RS, EV 89.4 MPH)
|
|
Batting: RHB Bob Watson
|
0-0: Ball 1-0: Ball 2-0: Swinging Strike 2-1: Called Strike 2-2: SINGLE (Line Drive, 89M, EV 105.0 MPH) Billy E Smith to second
|
|
Batting: RHB Pascual D'Annunzio
|
0-0: Ball 1-0: Reached on error, E5 (Groundball, 56S, EV 85.0 MPH) Billy E Smith to third Bob Watson to second
|
|
Batting: LHB Mike Davis
|
0-0: Ball 1-0: Called Strike 1-1: Ball 2-1: Ball 3-1: SINGLE (Groundball, 34S, EV 66.3 MPH) (infield hit) Billy E Smith scores Bob Watson to third Pascual D'Annunzio to second
|
|
Batting: RHB Craig Stimac
|
0-0: Ball 1-0: Ball 2-0: Foul Ball, location: 2F 2-1: SINGLE (Groundball, 56D, EV 99.4 MPH) Bob Watson scores Pascual D'Annunzio to third Mike Davis to second Runner from 3rd tries for Home, SAFE, throw by LF to home
|
|
Batting: RHB Steve Lubratich
|
0-0: Ball 1-0: Ball Mike Davis steals 3rd base 2-0: Ball 3-0: Swinging Strike 3-1: Foul Ball, location: 2F 3-2: SINGLE (Groundball, 56S, EV 72.5 MPH) (infield hit) Mike Davis scores Craig Stimac to second
|
|
Batting: RHB Mookie Wilson
|
0-0: Called Strike 0-1: Ball 1-1: Foul Ball, location: 2F 1-2: Ball 2-2: SINGLE (Line Drive, 56D, EV 98.8 MPH) Craig Stimac to third Steve Lubratich to second Runner from 3rd tries for Home, SAFE, throw by LF to home
|
|
Batting: LHB Steve Carlton
|
0-0: Reached on error, E1 (Groundball, 13S, EV 43.8 MPH) Steve Lubratich scores Mookie Wilson to third
|
|
Batting: SHB Otis Nixon
|
0-0: Ball 1-0: Ball 2-0: Ball 3-0: Base on Balls
|
|
Batting: SHB Billy E Smith
|
0-0: Ball 1-0: Ball 2-0: GRAND SLAM HOME RUN (Flyball, 78XD, EV 111.9 MPH), Distance : 399 ft
|
|
Pitching: LHP Roy Scott
|
|
|
Batting: RHB Bob Watson
|
0-0: Ground out 5-3 (Groundball, 56, EV 86.3 MPH)
|
|
Batting: RHB Pascual D'Annunzio
|
0-0: Called Strike 0-1: Foul Ball, location: 2F 0-2: Fly out, F9 (Line Drive, 9, EV 100.6 MPH)
|
| Bottom of the 1st over - 10 runs, 7 hits, 2 errors, 0 left on base; Montreal 0 - St. Louis 10 |
| TOP OF THE 2ND |
|
Montreal Expos batting - Pitching for St. Louis Cardinals : LHP Steve Carlton
|
|
Batting: SHB Alex Ortiz
|
0-0: Called Strike 0-1: Foul Ball, location: 2F 0-2: Foul Ball, location: 2F 0-2: Ball 1-2: Ground out 6-3 (Groundball, 6M, EV 81.3 MPH)
|
|
Batting: LHB Ernesto Quevedo
|
0-0: Ball 1-0: Called Strike 1-1: Foul Ball, location: 2F 1-2: Ball 2-2: Strikes out swinging
|
|
Batting: SHB Biff Pocoroba
|
0-0: Swinging Strike 0-1: SINGLE (Line Drive, 9S, EV 109.4 MPH)
|
|
Batting: LHB Roy Scott
|
0-0: Ball 1-0: SINGLE (Groundball, 34D, EV 95.0 MPH) Biff Pocoroba to second
|
|
Batting: LHB Duane Walker
|
0-0: Ball 1-0: Swinging Strike 1-1: Ball 2-1: Swinging Strike 2-2: Ball 3-2: Foul Ball, location: 2F 3-2: Strikes out looking
|
| Top of the 2nd over - 0 runs, 2 hits, 0 errors, 2 left on base; Montreal 0 - St. Louis 10 |
| BOTTOM OF THE 2ND |
|
St. Louis Cardinals batting - Pitching for Montreal Expos : LHP Roy Scott
|
|
Batting: LHB Mike Davis
|
0-0: Ball 1-0: SINGLE (Flyball, 3D, EV 92.5 MPH)
|
|
Batting: RHB Craig Stimac
|
0-0: Ball 1-0: Called Strike 1-1: Foul Ball, location: 2F 1-2: Foul Ball, location: 2F 1-2: Foul Ball, location: 2F 1-2: Ball 2-2: Foul Ball, location: 2F 2-2: Foul Ball, location: 2F 2-2: Fly out, F7 (Flyball, 78S, EV 95.6 MPH)
|
|
Batting: RHB Steve Lubratich
|
0-0: Foul Ball, location: 2F 0-1: Ball 1-1: Foul Ball, location: 2F 1-2: SINGLE (Line Drive, 56D, EV 98.1 MPH) Mike Davis to second
|
|
Batting: RHB Mookie Wilson
|
0-0: Grounds into double play, 6-4-3 (Groundball, 6, EV 96.9 MPH)
|
| Bottom of the 2nd over - 0 runs, 2 hits, 0 errors, 1 left on base; Montreal 0 - St. Louis 10 |
| TOP OF THE 3RD |
|
Montreal Expos batting - Pitching for St. Louis Cardinals : LHP Steve Carlton
|
|
Batting: SHB Garry Templeton
|
0-0: Called Strike 0-1: Foul Ball, location: 2F 0-2: Ball 1-2: Ball 2-2: Ground out 4-3 (Groundball, 4, EV 85.6 MPH)
|
|
Batting: LHB Kirk Gibson
|
0-0: Ball 1-0: Swinging Strike 1-1: Ball 2-1: Foul Ball, location: 2F 2-2: Foul Ball, location: 2F 2-2: Strikes out swinging
|
|
Batting: RHB Dale Murphy
|
0-0: Swinging Strike 0-1: Fly out, F6 (Flyball, 6MD, EV 83.1 MPH)
|
| Top of the 3rd over - 0 runs, 0 hits, 0 errors, 0 left on base; Montreal 0 - St. Louis 10 |
| BOTTOM OF THE 3RD |
|
St. Louis Cardinals batting - Pitching for Montreal Expos : LHP Roy Scott
|
|
Batting: LHB Steve Carlton
|
0-0: Called Strike 0-1: Ball 1-1: Foul Ball, location: 2F 1-2: Foul Ball, location: 2F 1-2: Strikes out swinging
|
|
Batting: SHB Otis Nixon
|
0-0: Ball 1-0: Ball 2-0: Ball 3-0: Called Strike 3-1: Ground out 6-3 (Groundball, 6, EV 101.9 MPH)
|
|
Batting: SHB Billy E Smith
|
0-0: Ball 1-0: Called Strike 1-1: Called Strike 1-2: Strikes out swinging
|
| Bottom of the 3rd over - 0 runs, 0 hits, 0 errors, 0 left on base; Montreal 0 - St. Louis 10 |
| TOP OF THE 4TH |
|
Montreal Expos batting - Pitching for St. Louis Cardinals : LHP Steve Carlton
|
|
Batting: RHB Dave Winfield
|
0-0: Called Strike 0-1: Swinging Strike 0-2: Ball 1-2: DOUBLE (Line Drive, 7LM, EV 100.6 MPH)
|
|
Batting: SHB Alex Ortiz
|
0-0: Ground out U3 (Groundball, 3, EV 106.3 MPH) Dave Winfield to third
|
|
Batting: LHB Ernesto Quevedo
|
0-0: Ball 1-0: Foul Ball, location: 2F 1-1: Ball 2-1: SINGLE (Groundball, 4MD, EV 98.8 MPH) Dave Winfield scores
|
|
Batting: SHB Biff Pocoroba
|
0-0: Called Strike 0-1: Grounds into double play, 6-4-3 (Groundball, 56, EV 105.6 MPH)
|
| Top of the 4th over - 1 run, 2 hits, 0 errors, 0 left on base; Montreal 1 - St. Louis 10 |
| BOTTOM OF THE 4TH |
|
St. Louis Cardinals batting - Pitching for Montreal Expos : LHP Roy Scott
|
|
Batting: RHB Bob Watson
|
0-0: Called Strike 0-1: Called Strike 0-2: Strikes out swinging
|
|
Batting: RHB Pascual D'Annunzio
|
0-0: Ball 1-0: Called Strike 1-1: Foul Ball, location: 2F 1-2: Ball 2-2: Ball 3-2: Base on Balls
|
|
Batting: LHB Mike Davis
|
0-0: Ball 1-0: Swinging Strike 1-1: Called Strike 1-2: Foul Ball, location: 2F 1-2: Fly out, F9 (Flyball, 9, EV 74.4 MPH)
|
|
Batting: RHB Craig Stimac
|
0-0: Ball 1-0: SINGLE (Line Drive, 56D, EV 94.4 MPH) Pascual D'Annunzio to second
|
|
Batting: RHB Steve Lubratich
|
0-0: Ball 1-0: Called Strike 1-1: Ball 2-1: Ball 3-1: Fielders Choice at 2nd, 6-4 (Groundball, 6, EV 91.3 MPH)
|
| Bottom of the 4th over - 0 runs, 1 hit, 0 errors, 2 left on base; Montreal 1 - St. Louis 10 |
| TOP OF THE 5TH |
|
Montreal Expos batting - Pitching for St. Louis Cardinals : LHP Steve Carlton
|
|
Batting: LHB Roy Scott
|
0-0: Ground out U3 (Groundball, 3, EV 83.8 MPH)
|
|
Batting: LHB Duane Walker
|
0-0: Foul Ball, location: 2F 0-1: Foul Ball, location: 2F 0-2: Fly out, F8 (Flyball, 8LD, EV 101.3 MPH)
|
|
Batting: SHB Garry Templeton
|
0-0: Called Strike 0-1: Ball 1-1: Ball 2-1: Swinging Strike 2-2: Strikes out looking
|
| Top of the 5th over - 0 runs, 0 hits, 0 errors, 0 left on base; Montreal 1 - St. Louis 10 |
| BOTTOM OF THE 5TH |
|
St. Louis Cardinals batting - Pitching for Montreal Expos : LHP Roy Scott
|
|
Batting: RHB Mookie Wilson
|
0-0: Ball 1-0: SINGLE (Groundball, 6MD, EV 105.6 MPH)
|
|
Batting: LHB Steve Carlton
|
0-0: Bunted foul 0-1: Bunt missed! 0-2: Bunted foul, Strikeout!
|
|
Batting: SHB Otis Nixon
|
0-0: Foul Ball, location: 2F 0-1: Called Strike 0-2: Strikes out looking
|
|
Batting: SHB Billy E Smith
|
0-0: Called Strike 0-1: Ball 1-1: Ball 2-1: Foul Ball, location: 2F 2-2: Fly out, F8 (Flyball, 8RD, EV 105.6 MPH)
|
| Bottom of the 5th over - 0 runs, 1 hit, 0 errors, 1 left on base; Montreal 1 - St. Louis 10 |
| TOP OF THE 6TH |
|
Montreal Expos batting - Pitching for St. Louis Cardinals : LHP Steve Carlton
|
|
Batting: LHB Kirk Gibson
|
0-0: Ground out 4-3 (Groundball, 4, EV 105.6 MPH)
|
|
Batting: RHB Dale Murphy
|
0-0: Foul Ball, location: 2F 0-1: Swinging Strike 0-2: Ground out 5-3 (Groundball, 56, EV 85.6 MPH)
|
|
Batting: RHB Dave Winfield
|
0-0: Ball 1-0: Called Strike 1-1: Ball 2-1: Fly out, F9 (Flyball, 9D, EV 78.8 MPH)
|
| Top of the 6th over - 0 runs, 0 hits, 0 errors, 0 left on base; Montreal 1 - St. Louis 10 |
| BOTTOM OF THE 6TH |
|
St. Louis Cardinals batting - Pitching for Montreal Expos : LHP Roy Scott
|
|
Pitching: RHP Ed Whitson
|
|
|
Batting: RHB Bob Watson
|
0-0: Ball 1-0: DOUBLE (Line Drive, 7LD, EV 113.8 MPH)
|
|
Batting: RHB Pascual D'Annunzio
|
0-0: Foul Ball, location: 2F 0-1: Ground out 4-3 (Groundball, 34, EV 101.3 MPH) Bob Watson to third
|
|
Batting: LHB Mike Davis
|
0-0: Called Strike 0-1: Ball 1-1: Ball Wild Pitch! Bob Watson scores 2-1: Foul Ball, location: 2F 2-2: Ground out 5-3 (Groundball, 5, EV 88.1 MPH)
|
|
Batting: RHB Craig Stimac
|
0-0: Foul Ball, location: 2F 0-1: Swinging Strike 0-2: Foul Ball, location: 2F 0-2: Ball 1-2: Ball 2-2: Foul Ball, location: 2F 2-2: SINGLE (Groundball, 6MD, EV 96.3 MPH)
|
|
Batting: RHB Steve Lubratich
|
0-0: Fielders Choice at 2nd, 6-4 (Groundball, 56D, EV 95.6 MPH)
|
| Bottom of the 6th over - 1 run, 2 hits, 0 errors, 1 left on base; Montreal 1 - St. Louis 11 |
| TOP OF THE 7TH |
|
Montreal Expos batting - Pitching for St. Louis Cardinals : LHP Steve Carlton
|
|
Batting: SHB Alex Ortiz
|
0-0: Foul Ball, location: 2F 0-1: Fly out, F7 (Line Drive, 7, EV 95.0 MPH)
|
|
Batting: LHB Ernesto Quevedo
|
0-0: Called Strike 0-1: Fly out, F7 (Line Drive, 7S, EV 102.5 MPH)
|
|
Batting: SHB Biff Pocoroba
|
0-0: Ball 1-0: Ball 2-0: Foul Ball, location: 2F 2-1: Ball 3-1: Foul Ball, location: 2F 3-2: Foul Ball, location: 2F 3-2: Foul Ball, location: 2F 3-2: Base on Balls
|
|
Batting: RHB Ed Whitson
|
0-0: Fielders Choice at 2nd, 6-4 (Groundball, 6, EV 85.0 MPH)
|
| Top of the 7th over - 0 runs, 0 hits, 0 errors, 1 left on base; Montreal 1 - St. Louis 11 |
| BOTTOM OF THE 7TH |
|
St. Louis Cardinals batting - Pitching for Montreal Expos : RHP Ed Whitson
|
|
Batting: RHB Mookie Wilson
|
0-0: Ground out 6-3 (Groundball, 6MD, EV 105.0 MPH)
|
|
Batting: LHB Steve Carlton
|
0-0: Ground out U3 (Groundball, 3, EV 93.8 MPH)
|
|
Batting: SHB Otis Nixon
|
0-0: Ball 1-0: SINGLE (Groundball, 5L, EV 105.0 MPH) (infield hit)
|
|
Batting: SHB Billy E Smith
|
0-0: Ground out 4-3 (Groundball, 4, EV 90.6 MPH)
|
| Bottom of the 7th over - 0 runs, 1 hit, 0 errors, 1 left on base; Montreal 1 - St. Louis 11 |
| TOP OF THE 8TH |
|
Montreal Expos batting - Pitching for St. Louis Cardinals : LHP Steve Carlton
|
|
Batting: LHB Duane Walker
|
0-0: Ball 1-0: Called Strike 1-1: Swinging Strike 1-2: Foul Ball, location: 2F 1-2: Strikes out looking
|
|
Batting: SHB Garry Templeton
|
0-0: Foul Ball, location: 2F 0-1: Foul Ball, location: 2F 0-2: Ball 1-2: Foul Ball, location: 2F 1-2: SINGLE (Groundball, 56D, EV 94.4 MPH)
|
|
Batting: LHB Kirk Gibson
|
0-0: Ball 1-0: Ball 2-0: Ball 3-0: Base on Balls Garry Templeton to second
|
|
Pinch Hitting: LHB Gene Krug
|
0-0: Ball 1-0: Called Strike 1-1: Foul Ball, location: 2F 1-2: Fly out, F9 (Flyball, 89M, EV 94.4 MPH)
|
|
Batting: RHB Dave Winfield
|
0-0: Swinging Strike 0-1: Foul Ball, location: 2F 0-2: SINGLE (Groundball, 6MD, EV 101.3 MPH) Garry Templeton to third Kirk Gibson to second Runner from 3rd tries for Home, SAFE, throw by CF to home
|
|
Batting: SHB Alex Ortiz
|
0-0: DOUBLE (Groundball, 3L, EV 102.5 MPH) Kirk Gibson scores Dave Winfield to third Runner from 3rd tries for Home, SAFE, throw by RF to trailing runner, SAFE at third!
|
|
Batting: LHB Ernesto Quevedo
|
0-0: Ball 1-0: Ground out 6-3 (Groundball, 4M, EV 98.1 MPH)
|
| Top of the 8th over - 3 runs, 3 hits, 0 errors, 1 left on base; Montreal 4 - St. Louis 11 |
| BOTTOM OF THE 8TH |
|
St. Louis Cardinals batting - Pitching for Montreal Expos : RHP Ed Whitson
|
|
Now at 1B: Gene Krug
|
|
|
Batting: RHB Bob Watson
|
0-0: Called Strike 0-1: Called Strike 0-2: Ball 1-2: Foul Ball, location: 2F 1-2: Ball 2-2: Ground out 6-3 (Groundball, 6, EV 86.9 MPH)
|
|
Batting: RHB Pascual D'Annunzio
|
0-0: Called Strike 0-1: Foul Ball, location: 2F 0-2: Ball 1-2: Ball 2-2: Ball 3-2: Foul Ball, location: 2F 3-2: Strikes out swinging
|
|
Batting: LHB Mike Davis
|
0-0: Ball 1-0: Called Strike 1-1: Swinging Strike 1-2: Ball 2-2: Foul Ball, location: 2F 2-2: Strikes out looking
|
| Bottom of the 8th over - 0 runs, 0 hits, 0 errors, 0 left on base; Montreal 4 - St. Louis 11 |
| TOP OF THE 9TH |
|
Montreal Expos batting - Pitching for St. Louis Cardinals : LHP Steve Carlton
|
|
Pitching: RHP Larry Yount
|
|
|
Batting: SHB Biff Pocoroba
|
0-0: Ball 1-0: Swinging Strike 1-1: Called Strike 1-2: Ground out U3 (Groundball, 3, EV 86.3 MPH)
|
|
Pinch Hitting: LHB Guonçalo Fernandes
|
0-0: Called Strike 0-1: Ball 1-1: Ball 2-1: Ball 3-1: Called Strike 3-2: Ground out 6-3 (Groundball, 6MS, EV 71.9 MPH)
|
|
Batting: LHB Duane Walker
|
0-0: Called Strike 0-1: Fly out, F9 (Flyball, 9D, EV 99.4 MPH)
|
| Top of the 9th over - 0 runs, 0 hits, 0 errors, 0 left on base; Montreal 4 - St. Louis 11 |
|